 Dungeon Crawl Stone Soup version 0.30-a0-43-gbbf338a72c (webtiles) character file.

Game seed: 1994611249122473538

273 IdlyInterested the Covered (level 6, -6/49 HPs)
             Began as a Demonspawn Wanderer on Aug 31, 2022.
             Mangled by an iguana (10 damage)
             ... on level 4 of the Dungeon.
             The game lasted 00:10:32 (2912 turns).

IdlyInterested the Covered (Demonspawn Wanderer)    Turns: 2912, Time: 00:10:32

Health: -6/49      AC: 10    Str: 19    XL:     6   Next: 2%
Magic:  6/6        EV: 14    Int: 11    God:
Gold:   202        SH:  0    Dex: 10    Spells: 5/5 levels left

rFire   . . .      SeeInvis .    k - +1 spear
rCold   . . .      Faith    .    (no shield)
rNeg    . . .      Spirit   .    d - +2 scale mail
rPois   .          Reflect  .    (no helmet)
rElec   .          Harm     .    (no cloak)
rCorr   .          Rampage  .    (no gloves)
Will    +....                    (no boots)
Stlth   ..........               (no amulet)
HPRegen 0.16/turn                e - +4 ring of evasion
MPRegen 0.10/turn                f - ring of willpower

@: weakened, studying 2 skills
A: hooves 1, rugged brown scales 1, spiny 1
a: no special abilities


You were on level 4 of the Dungeon.
You visited 1 branch of the dungeon, and saw 4 of its levels.

You collected 202 gold pieces.

Inventory:

Hand Weapons
 b - a +0 short sword
 i - a +0 mace
 k - a +1 spear (weapon)
Armour
 d - a +2 scale mail (worn)
 h - a +0 leather armour
Magical Staves
 j - a staff of death
Jewellery
 e - a +4 ring of evasion (left hand)
 f - a ring of willpower (right hand)
Potions
 m - a potion of flight
 n - a potion of magic
 o - a potion of brilliance


   Skills:
 - Level 4.0 Fighting
 - Level 1.0 Throwing
 - Level 4.5 Armour
 + Level 3.0 Dodging
 - Level 1.0 Stealth
 - Level 1.0 Unarmed Combat
 * Level 3.9 Evocations


You had 5 spell levels left.
You didn't know any spells.
Your spell library was empty.

Dungeon Overview and Level Annotations

Branches:
Dungeon (4/15)
 Temple: D:4-7

Altars:
Dithmenos
Okawaru
Wu Jian
Yredelemnul

Shops:
D:1 (


Innate Abilities, Weirdness & Mutations

You have large cloven feet.
You are partially covered in rugged brown scales. (AC +1, +3% HP)
You are partially covered in sharp spines.


Message History

The gnoll bouda closely misses you.
You closely miss the iguana.
The iguana is heavily wounded.
The iguana barely misses you.
The gnoll bouda is struck by your spines.
The gnoll bouda barely misses you.
You completely miss the iguana.
The iguana is heavily wounded.
The iguana bites you but does no damage.
The gnoll bouda is struck by your spines.
The gnoll bouda closely misses you. The iguana bites you.
* * * LOW HITPOINT WARNING * * *
The gnoll bouda hits you but does no damage.
You hit the iguana.
The iguana is heavily wounded.
Your attacks no longer feel as feeble.
The iguana barely misses you.
The gnoll bouda hits you but does no damage.
You barely miss the iguana. Your kick misses the iguana.
The iguana is heavily wounded.
The gnoll bouda gazes fiercely through you!
You feel your attacks grow feeble.
The gnoll bouda is struck by your spines.
The gnoll bouda hits you but does no damage.
The iguana is struck by your spines. The iguana barely misses you.
You hit the iguana. You kick the iguana, but do no damage.
The iguana is almost dead.
The iguana bites you.
* * * LOW HITPOINT WARNING * * *
The gnoll bouda utters an invocation to its god.
The gnoll bouda is healed somewhat.
Unknown command.
You closely miss the iguana.
The iguana is almost dead.
The iguana closely misses you.
The gnoll bouda hits you but does no damage.
You hit the iguana but do no damage. You kick the iguana, but do no damage.
The iguana is almost dead.
The iguana bites you!
You die...

...#................
#.
#.##[..#............
#. ###
...#...........# ###
............#### #..
.............# ...
..###.......# .^. .
. #.........## ... .
........l..# #..
##......)@)# #..
#.......))g....# ...
#.............## ##
#.#..............
..###......(..#.#
#.........## #
##......### #......#


You could see a gnoll bouda and an iguana.

Vanquished Creatures
  A phantom (D:4)
  A jelly (D:4)
  Robin (D:4)
  4 gnolls
  2 adders
  An ufetubus (D:3)
  3 worms
  2 dart slugs (D:1)
  An orc (D:3)
  3 endoplasms
  5 giant cockroaches
  10 hobgoblins
  2 jackals (D:1)
  7 ball pythons
  8 bats
  5 frilled lizards
  10 goblins
  10 kobolds
  5 rats
81 creatures vanquished.

Notes
Turn   | Place    | Note
-------+----------+-------------------------------------------
     0 | D:1      | IdlyInterested the Demonspawn Wanderer began the quest for
                  | the Orb.
     0 | D:1      | IdlyInterested set off with the following items: a +0 club,
                  | 2 potions of curing, a potion of invisibility, a +2 scale
                  | mail.
     0 | D:1      | Reached XP level 1. HP: 16/16 MP: 1/1
    78 | D:1      | Gained mutation: You have large cloven feet. [demonic
                  | ancestry]
    78 | D:1      | Reached XP level 2. HP: 4/23 MP: 2/2
   355 | D:1      | Reached skill level 1 in Throwing
   574 | D:1      | Reached skill level 1 in Evocations
   872 | D:1      | Gained mutation: You are partially covered in sharp spines.
                  | [demonic ancestry]
   872 | D:1      | Reached XP level 3. HP: 25/28 MP: 3/3
  1045 | D:1      | Found Tiuclahesuxt's Weapon Shop.
  1451 | D:2      | Identified a scroll of acquirement
  1451 | D:2      | Acquired a manual of Dodging
  1466 | D:2      | Found a faded altar of an unknown god.
  2144 | D:3      | Gained mutation: You are partially covered in rugged brown
                  | scales. (AC +1, +3% HP) [demonic ancestry]
  2144 | D:3      | Reached XP level 4. HP: 29/36 MP: 4/4
  2626 | D:3      | Found an ornate altar of the Wu Jian Council.
  2639 | D:3      | Found a shadowy altar of Dithmenos.
  2646 | D:3      | Found an iron altar of Okawaru.
  2653 | D:3      | Found a basalt altar of Yredelemnul.
  2821 | D:3      | Acquired a manual of Staves
  2855 | D:4      | Noticed a phantom
  2861 | D:4      | Reached XP level 5. HP: 24/43 MP: 5/5
  2878 | D:4      | Killed a phantom
  2883 | D:4      | Noticed Robin
  2901 | D:4      | Killed Robin
  2902 | D:4      | Reached XP level 6. HP: 12/49 MP: 6/6
  2912 | D:4      | Mangled by an iguana

Illustrated notes

Levels and vault maps discovered:
D:1:      lemuel_arrival_lava_pool, layout_basic, serial_shops,
          nicolae_shop_bloodbath_and_beyond, wad_floor_pattern_untrapped
D:2:      layout_loops_cross, hellmonk_ecumenical_altar_prayer_group
D:3:      layout_basic, grunt_temple_overflow_cloverleaf
D:4:      layout_cave_pools, lemuel_round_altar, makhleb_heckhound_becter,
          nicolae_ossuary_entry_catacombs, hangedman_decor_opposing,
          uniq_sigmund, uniq_robin

Skill      XL: |  1  2  3  4  5 |
---------------+----------------+-----
Throwing       | 1 |  1.0
Evocations     | 1 2 3 |  3.9
Fighting       | 3 4 |  4.0
Dodging        | 3 |  3.0
Armour         | |  4.5
Stealth        | |  1.0
Unarmed Combat | |  1.0

Action                   |  1- 3 |  4- 6 || total
-------------------------+-------+-------++-------
Melee: Club              |    45 |       ||    45
       Short sword       |    90 |       ||    90
       Kick              |    18 |    26 ||    44
       Spear             |    17 |    89 ||   106
       Punch             |     1 |       ||     1
  Use: Potion            |     3 |     2 ||     5
       Scroll            |     4 |     7 ||    11
 Stab: Invisible         |     1 |       ||     1
Armor: Scale mail        |    94 |    28 ||   122
Dodge: Dodged            |    83 |    68 ||   151

Table legend: (Time is in decaauts)
 A = Elapsed time spent in this place.
 B = Non-inter-level travel time spent in this place.
 C = Inter-level travel time spent in this place.
 D = Time resting spent in this place.
 E = Time spent auto-exploring this place.
 F = Levels seen in this place.
 G = Mean time per level.
                   A        B        C        D        E       F      G
               +--------+--------+--------+--------+--------+-----+--------+
         Total |   2944 |   2701 |    243 |    294 |   1594 |   4 |  736.0 |
       Dungeon |   2944 |   2701 |    243 |    294 |   1594 |   4 |  736.0 |
               +--------+--------+--------+--------+--------+-----+--------+

Top non-repeatable levels by time:
     D:1: 1410 daAuts
     D:2: 757 daAuts
     D:3: 682 daAuts
     D:4: 94 daAuts
